AoeStats
← Frank_alv10

Arabia

510690068Analyzed
2v2 RM · 12h ago on Oct 2, 2026· 66m 48s· 4 players
Game mode
Random Map
Map size
Medium (4 player)
Population
200
Speed
Normal
Resources
Standard
Victory
Conquest
Starting age
Dark Age
Ending age
Imperial Age
RankedLock teamsTeams togetherTeam positionsShared explorationLock speedFull tech treeHidden civsTurbo modeCheats
Victory
Defeat
🇦🇺 Varangians · Australia
1048
+17
🇦🇺 Maya · Australia
1030
+17
🇪🇨 Franks · Ecuador
1071
-17
🇪🇨 Vikings · Ecuador
1070
-17
fartfellator
6:24 Loom
9:32 Feudal Age
10:57 Double-Bit Axe
10:56 Horse Collar
17:37 Bloodlines
18:02 Scale Barding Armor
20:49 Forging
23:55 Castle Age
24:50 Light Cavalry
25:31 Husbandry
26:59 Chain Barding Armor
27:15 Iron Casting
27:06 Gold Mining
27:08 Stone Mining
36:02 Wheelbarrow
36:04 Stone Shaft Mining
40:41 Imperial Age
39:47 Hand Cart
43:10 Blast Furnace
42:46 Plate Barding Armor
42:37 Conscription
41:57 Elite Jarl
47:12 Bow Saw
47:05 Heavy Plow
Lukeymanb
6:58 Loom
9:35 Feudal Age
10:20 Double-Bit Axe
13:56 Fletching
27:31 Castle Age
25:47 Scale Mail Armor
26:12 Horse Collar
27:37 Pikeman
27:38 Eagle Warrior
32:02 Elite Skirmisher
36:02 Forging
36:07 Chain Mail Armor
36:32 Chain Mail Armor
36:29 Bow Saw
38:14 Iron Casting
37:36 Bodkin Arrow
42:55 Gold Mining
42:55 Stone Mining
47:30 Imperial Age
46:15 Padded Archer Armor
47:30 Town Watch
47:30 Halberdier
49:44 Elite Eagle Warrior
54:25 Hul'che Javelineers
56:31 Holcans
58:06 Blast Furnace
58:14 Plate Mail Armor
57:45 Bracer
Frank_alv10
4:49 Loom
9:14 Feudal Age
10:31 Double-Bit Axe
10:39 Gold Mining
12:14 Fletching
14:13 Padded Archer Armor
22:40 Horse Collar
25:43 Castle Age
24:24 Stone Mining
24:46 Forging
24:37 Scale Mail Armor
24:24 Arson
25:17 Man-at-Arms
25:55 Crossbowman
26:31 Bodkin Arrow
26:52 Leather Archer Armor
27:14 Bow Saw
26:55 Town Watch
29:24 Heavy Plow
33:53 Gold Shaft Mining
33:46 Ballistics
33:22 Murder Holes
34:06 Squires
38:14 Imperial Age
37:27 Iron Casting
37:07 Chain Mail Armor
38:22 Chieftains
39:03 Arbalester
41:34 Siege Engineers
42:31 Chemistry
45:54 Bogsveigar
46:15 Conscription
48:27 Bracer
50:09 Elite Berserk
51:25 Ring Archer Armor
54:12 Hoardings
57:06 Blast Furnace
56:37 Plate Mail Armor
59:45 Two-Man Saw
59:16 Crop Rotation
63:17 Long Swordsman
M!(ke
6:40 Loom
9:27 Feudal Age
11:29 Double-Bit Axe
17:49 Forging
21:20 Castle Age
20:58 Gold Mining
21:21 Scale Barding Armor
23:20 Chain Barding Armor
22:53 Pikeman
27:46 Iron Casting
36:22 Wheelbarrow
35:35 Town Watch
35:58 Ordonnance Companies
36:59 Fletching
38:00 Bodkin Arrow
38:51 Gold Shaft Mining
44:05 Imperial Age
42:47 Husbandry
44:12 Cavalier
45:35 Plate Barding Armor
46:39 Conscription
46:44 Herbal Medicine
48:34 Blast Furnace
47:24 Cranequins
49:44 Paladin
52:24 Paladin
53:56 Ballistics
63:36 Chemistry
Connection lost

Rejoining the realm…

Still unreachable

The connection could not be restored.

Session expired

The server has moved on; the page needs a fresh start.